 Dungeon Crawl Stone Soup version 0.28.0-43-g3370ac3207 (webtiles) character file.

Game seed: 8893303234412541869

40 Descartes the Grasshopper (level 3, -2/27 HPs)
             Began as a Formicid Warper on Mar 18, 2022.
             Slain by a gnoll
             ... wielding a +0 club
              (9 damage)
             ... on level 2 of the Dungeon.
             The game lasted 00:02:53 (2049 turns).

Descartes the Grasshopper (Formicid Warper)         Turns: 2049, Time: 00:02:54

Health: -2/27      AC:  3    Str: 17    XL:     3   Next: 72%
Magic:  6/6        EV: 11    Int: 12    God:
Gold:   71         SH:  3    Dex: 10    Spells: 6/6 levels left

rFire   . . .      SeeInvis +   a - +0 hand axe
rCold   . . .      Faith    .   i - +0 buckler
rNeg    . . .      Spirit   .   b - +0 leather armour
rPois   .          Reflect  .   (helmet unavailable)
rElec   .          Harm     .   (no cloak)
rCorr   .          Rampage  .   (no gloves)
Will    .....                   (no boots)
Stlth   +.........              (no amulet)
HPRegen 0.09/turn               (no ring)
MPRegen 0.10/turn               (no ring)

@: no status effects
A: permanent stasis, dig shafts and tunnels, antennae 3, four strong arms
a: Dig, Shaft Self


You were on level 2 of the Dungeon.
You visited 1 branch of the dungeon, and saw 2 of its levels.

You collected 71 gold pieces.

Inventory:

Hand Weapons
 a - a +0 hand axe (weapon)
Missiles
 c - 5 boomerangs of dispersal (quivered)
 h - 4 poisoned darts
 k - 83 stones
Armour
 b - a +0 leather armour (worn)
 i - a +0 buckler (worn)
Jewellery
 f - a ring of magical power
 g - a ring of ice
Scrolls
 j - a scroll of teleportation {unknown}
Potions
 d - a potion of mutation {unknown}
 e - a potion of lignification {unknown}
 l - a potion of curing {unknown}


   Skills:
 - Level 2.1 Fighting
 + Level 2.6 Axes
 - Level 1.0 Throwing
 + Level 2.0 Armour
 - Level 1.7 Dodging
 + Level 1.1 Shields
 - Level 2.1 Spellcasting
 + Level 3.1 Translocations


You had 6 spell levels left.
You didn't know any spells.
Your spell library contained the following spells:

 Spells                   Type           Power      Damage    Failure   Level
 Apportation              Tloc           16%        N/A       11%         1
 Gell's Gravitas          Tloc           8%         N/A       32%         3
 Lesser Beckoning         Tloc           8%         N/A       32%         3
 Teleport Other           Tloc           8%         N/A       32%         3
 Manifold Assault         Tloc           8%         N/A       97%         5
 Alistair's Intoxication  Tmut/Pois      0%         N/A       100%        5
 Blink                    Tloc           Unusable   N/A       N/A         2

Dungeon Overview and Level Annotations

Branches:
Dungeon (2/15)

Altars:


Innate Abilities, Weirdness & Mutations

You cannot be hasted, slowed, berserked, paralysed or teleported.
You can dig through walls and to a lower floor.
You have a pair of large antennae on your head. (SInv)
Your four strong arms can wield two-handed weapons with a shield.


Message History

No target in view!
No target in view!
No target in view!
No target in view!
No target in view!
No target in view!
HP restored.
Things that are here:
a +0 club; a goblin corpse A gnoll comes into view.
It is wielding a +0 club.
The gnoll shouts!
A gnoll comes into view. It is wielding a +0 spear.
A gnoll comes into view. It is wielding a +0 club.
The gnoll shouts! x2
The gnoll hits you but does no damage.
You hit the gnoll.
The gnoll is lightly wounded.
The gnoll barely misses you. The gnoll hits you with a +0 club!
The gnoll hits you from afar with a +0 spear.
You barely miss the gnoll.
The gnoll is lightly wounded.
The gnoll barely misses you.
You slash the gnoll!
The gnoll is heavily wounded.
The gnoll hits you but does no damage.
You barely miss the gnoll.
The gnoll is heavily wounded.
The gnoll hits you with a +0 club.
You hit the gnoll.
The gnoll is almost dead.
The gnoll hits you with a +0 club.
* * * LOW HITPOINT WARNING * * *
You block the gnoll's attack. The gnoll hits you but does no damage.
The gnoll hits you from afar with a +0 spear.
* * * LOW HITPOINT WARNING * * *
You see here a +0 whip.
There is a stone staircase leading up here.
The gnoll hits you with a +0 club!
You die...

#.#.##.# #### #.#.##<# #...
###.####
###########...######## #.#
..............+.>....###
#.# #.#######
#...#....#...# #.# #.#
#...)......#.####.# #.#
#........#........# #.#
#.....@......###### #.#
#.....g..##..##.#
#.#########........##.....#
#.##.....##...g....###.##.#
#.##.###.##....##### #....#
#.##...#.##...g#### ######
#..†.#.#.##.......#
#..#.#...##.......#
#......####...)...#


You could see 3 gnolls.

Vanquished Creatures
  An adder (D:1)
  6 bats
  An endoplasm (D:1)
  4 goblins
  4 hobgoblins
  5 kobolds
  2 quokkas
  A frilled lizard (D:1)
  3 rats
27 creatures vanquished.

Vanquished Creatures (others)
  2 demonic plants (D:1)
2 creatures vanquished.

Grand Total: 29 creatures vanquished

Notes
Turn   | Place    | Note
-------+----------+-------------------------------------------
     0 | D:1      | Descartes the Formicid Warper began the quest for the Orb.
     0 | D:1      | Reached XP level 1. HP: 16/16 MP: 3/3
   328 | D:1      | Reached XP level 2. HP: 22/22 MP: 5/5
   873 | D:1      | Found a faded altar of an unknown god.
   873 | D:1      | Noticed a tormentor
  1346 | D:2      | Reached skill level 3 in Translocations
  1378 | D:1      | HP: 1/22 [hobgoblin (3)]
  1397 | D:1      | Reached XP level 3. HP: 8/27 MP: 6/6
  1796 | D:2      | Reached skill level 1 in Shields
  2049 | D:2      | Slain by a gnoll

Illustrated notes

Levels and vault maps discovered:
D:1:      minmay_arrival_loop, layout_loops_ring,
          dreamdust_ecumenical_altar_sealed_demon, grunt_decor_cap
D:2:      layout_basic

Skill      XL: |  1  2  3 |
---------------+----------+-----
Translocations | 3 |  3.1
Shields        | 1 |  1.1
Armour         | 2 |  2.0
Fighting       | |  2.1
Axes           | |  2.6
Throwing       | |  1.0
Dodging        | |  1.7
Spellcasting   | |  2.1

Action                   || total
-------------------------++-------
Melee: Hand axe          ||   111
  Use: Potion            ||     1
Armor: Leather armour    ||    43
Dodge: Dodged            ||    82
Block: Buckler           ||    18
